 Dungeon Crawl Stone Soup version 0.30-a0-373-gd37427bb62 (webtiles) character file.

Game seed: 3798116477126412162

280 purpskrrrp the Trooper (level 6, -3/79 HPs)
             Began as a Merfolk Fighter on Nov 24, 2022.
             Was an Initiate of the Shining One.
             Slain by an ogre
             ... wielding a +0 giant club
              (16 damage)
             ... on level 5 of the Dungeon.
             The game lasted 00:06:37 (4420 turns).

purpskrrrp the Trooper (Merfolk Fighter)            Turns: 4420, Time: 00:06:38

Health: -3/79      AC:  8    Str: 16    XL:     6   Next: 27%
Magic:  6/6        EV: 10    Int:  7    God:    the Shining One [......]
Gold:   158        SH:  5    Dex: 16    Spells: 5/5 levels left

rFire   . . .      SeeInvis .    a - +1 long sword
rCold   . . .      Faith    .    c - +0 buckler
rNeg    . . .      Spirit   .    b - +0 scale mail
rPois   .          Reflect  .    (no helmet)
rElec   .          Harm     .    d - +0 cloak
rCorr   .          Rampage  .    u - +0 pair of gloves
Will    +....                    (no boots)
Stlth   ..........               (no amulet)
HPRegen 0.33/turn                i - ring of willpower
MPRegen 0.10/turn                (no ring)

@: berserking, glowing, studying Fighting, very quick
A: (nimble swimmer 2), mertail
a: Renounce Religion


You were on level 5 of the Dungeon.
You worshipped the Shining One.
The Shining One was noncommittal.
You visited 2 branches of the dungeon, and saw 6 of its levels.

You collected 158 gold pieces.

Inventory:

Hand Weapons
 a - a +1 long sword (weapon)
Armour
 b - a +0 scale mail (worn)
 c - a +0 buckler (worn)
 d - a +0 cloak (worn)
 u - a +0 pair of gloves (worn)
Jewellery
 i - a ring of willpower (left hand)
Wands
 m - a wand of digging (4)
Scrolls
 h - a scroll of teleportation
 o - 2 scrolls of enchant armour {unknown}
 s - 2 scrolls of immolation
Potions
 e - 3 potions of flight {unknown}
 f - a potion of magic {unknown}
 g - 2 potions of haste {unknown}
 j - a potion of resistance {unknown}
 k - a potion of attraction
 n - 3 potions of might
 p - a potion of lignification {unknown}
 r - 3 potions of curing


   Skills:
 * Level 6.3 Fighting
 + Level 4.3 Long Blades
 - Level 2.3 Armour
 + Level 3.4 Dodging
 - Level 3.6 Shields


You had 5 spell levels left.
You didn't know any spells.
Your spell library contained the following spells:

 Spells                   Type           Power      Damage    Failure   Level
 Apportation              Tloc           0%         N/A       91%         1
 Necrotise                Necr           0%         1d4       91%         1
 Summon Small Mammal      Summ           0%         N/A       91%         1


Dungeon Overview and Level Annotations

Branches:
Dungeon (5/15)             Temple (1/1) D:5

Altars:
Ashenzari
Cheibriados
Dithmenos
Elyvilon
Hepliaklqana
Kikubaaqudgha
Makhleb
Okawaru
Ru
Sif Muna
Trog
Uskayaw
Vehumet
Wu Jian
Xom
Yredelemnul
Zin
The Shining One

Shops:
D:1 (


Innate Abilities, Weirdness & Mutations

((You are very nimble when in or above water. (Stealth+, EV+, Speed+++)))
Your lower body shifts to a powerful aquatic tail in water.


Message History

A jelly comes into view.
The jelly quivers.
The ogre hits you with a +0 giant club!
You barely miss the ogre. The ogre hits you with a +0 giant club.
The jelly closely misses you.
You hit the ogre.
The ogre is moderately wounded.
The ogre hits you with a +0 giant club!!
Ouch! That really hurt!
* * * LOW HITPOINT WARNING * * *
The jelly hits you but does no damage.
You are too injured to fight recklessly!
You are too injured to fight recklessly!
You are too injured to fight recklessly!
You are too injured to fight recklessly!
You are too injured to fight recklessly!
You are too injured to fight recklessly!
You are too injured to fight recklessly!
You are too injured to fight recklessly!
You are too injured to fight recklessly!
You are too injured to fight recklessly!
You are too injured to fight recklessly!
You are too injured to fight recklessly!
You are too injured to fight recklessly!
You are too injured to fight recklessly!
You are too injured to fight recklessly!
You are too injured to fight recklessly!
You are too injured to fight recklessly!
You are too injured to fight recklessly!
Okay, then.
A red film seems to cover your vision as you go berserk!
You feel yourself moving faster!
You feel mighty! You block the jelly's attack.
You hit the jelly.
Your hands burn!
* * * LOW HITPOINT WARNING * * *
The jelly is lightly wounded.
You block the ogre's attack. The jelly completely misses you.
You slice the jelly!!
You kill the jelly!
The ogre hits you with a +0 giant club!
You die...

##############
#............#
#............#
#............#
#......O.....#
#.......@....#
#......###+#.#
#......#.....######
#......#....#.....#
#......+....#.....#
#......#....#.....#
#......#....#.....#
#......######.....#
#.......###


You could see an ogre.

Vanquished Creatures
  2 jellies
  A hound (D:4)
  3 iguanas
  An orc wizard (D:4)
  5 adders
  A worm (D:2)
  2 dart slugs
  5 orcs
  8 ball pythons
  3 bats
  6 endoplasms
  4 giant cockroaches
  4 goblins
  4 hobgoblins
  4 jackals (D:2)
  5 quokkas
  2 kobolds (D:1)
  5 rats
65 creatures vanquished.

Notes
Turn   | Place    | Note
-------+----------+-------------------------------------------
     0 | D:1      | purpskrrrp the Merfolk Fighter began the quest for the Orb.
     0 | D:1      | Reached XP level 1. HP: 18/18 MP: 1/1
   124 | D:1      | Reached XP level 2. HP: 20/24 MP: 2/2
   200 | D:1      | Found Tairu's Antique Weapon Boutique.
  1030 | D:2      | Reached XP level 3. HP: 18/29 MP: 3/3
  1092 | D:2      | Reached skill level 1 in Dodging
  1533 | D:2      | Reached XP level 4. HP: 33/37 MP: 4/4
  1582 | D:2      | Reached skill level 4 in Fighting
  2180 | D:3      | Identified a scroll of acquirement
  2180 | D:3      | Acquired a manual of Fighting
  2347 | D:3      | Found a bloodstained altar of Trog.
  2347 | D:3      | Found an iron altar of Okawaru.
  2523 | D:3      | Found a sacrificial altar of Ru.
  2694 | D:4      | Reached XP level 5. HP: 16/43 MP: 5/5
  2842 | D:4      | Reached skill level 5 in Fighting
  3513 | D:4      | Reached XP level 6. HP: 38/52 MP: 6/6
  3520 | D:4      | Reached skill level 6 in Fighting
  4013 | D:5      | Entered Level 5 of the Dungeon
  4018 | D:5      | Found a staircase to the Ecumenical Temple.
  4058 | Temple   | Entered the Ecumenical Temple
  4357 | Temple   | Became a worshipper of the Shining One
  4420 | D:5      | Slain by an ogre

Illustrated notes

Levels and vault maps discovered:
D:1:      sevenhm_arrival_forest_fort_large_4, layout_basic, serial_shops, shop,
          roderic_lattice_a
D:2:      layout_basic, serial_co_window_serial, co_window_corner_a,
          co_window_of_opportunity_a, co_window_paths_b, co_window_paths_a,
          co_window_paths_a, co_window_broadway_a, co_window_2corner,
          co_window_broadway_a, co_window_broadway_a, co_window_2corner,
          co_window_corner_b, co_window_4corner_a, serial_park_tiny_2
D:3:      layout_loops_cross, mainiacjoe_overflow_brackets,
          grunt_temple_overflow_bloody_war, uniq_crazy_yiuf_cottage
D:4:      layout_basic
D:5:      layout_gridville, grunt_gozag_statues, minmay_temple_entry_trees
Temple:   regret_index_temple_generic_petals

Skill      XL: |  1  2  3  4  5  6 |
---------------+-------------------+-----
Long Blades    | 3 4 |  4.3
Dodging        | 1 2 3 |  3.4
Fighting       | 4 5 6 |  6.3
Armour         | |  2.3
Shields        | |  3.6

Action                   |  1- 3 |  4- 6 || total
-------------------------+-------+-------++-------
Melee: Long sword        |   105 |   120 ||   225
  Use: Scroll            |     3 |     9 ||    12
       Potion            |       |     4 ||     4
Armor: Scale mail        |    71 |    43 ||   114
Dodge: Dodged            |    72 |    68 ||   140
Block: Buckler           |    30 |    34 ||    64

Table legend: (Time is in decaauts)
 A = Elapsed time spent in this place.
 B = Non-inter-level travel time spent in this place.
 C = Inter-level travel time spent in this place.
 D = Time resting spent in this place.
 E = Time spent auto-exploring this place.
 F = Levels seen in this place.
 G = Mean time per level.
                   A        B        C        D        E       F      G
               +--------+--------+--------+--------+--------+-----+--------+
         Total |   4493 |   4285 |    208 |    436 |   3253 |   6 |  748.8 |
       Dungeon |   4162 |   4007 |    155 |    436 |   2985 |   5 |  832.4 |
        Temple |    330 |    277 |     53 |      0 |    268 |   1 |  330.0 |
               +--------+--------+--------+--------+--------+-----+--------+

Top non-repeatable levels by time:
     D:4: 1378 daAuts
     D:2: 1359 daAuts
     D:1: 773 daAuts
     D:3: 571 daAuts
  Temple: 330 daAuts
     D:5: 79 daAuts
